Quartz, neutral female gnomish Wizard #)################################# ------- ----------- #-------------------------------- # #......| |.........| #|..............................| ### |.....| |....>....| #|...--------.......-----------.| # |.....| |..........# #|...|++?|()|------.| |(((| +.| ##...<..| |.........|# #|...|+++|..|.....|.| |(((| |.| |.....| |..........###[####|...|...|+-|.._..|.-+-|...----.| ------- |.........|### |...--+--..|.....|....-+---....| ----------- # |..........|.....|.............| ### |........{.----|--.{...........| # |..........G@..................| ### |...-+---...%.......-+--+---.f.| # |...|...--------.---| |...|...| ##....|(((| |%..+.-..| |=)*|...| |...|(((| |!].|.|..|--|!%*|...| |...-----+------.----..-----...| |..............................| -------------------------------- Quartz the Magician Experience level: 10 Strength: 14 Dexterity: 10 Constitution: 14 Intelligence: 18 Wisdom: 19 Charisma: 10 Health: 0(73) Energy: 126(126) Def: 4 Gold: 0 Moves: 9638 Dungeon seed: eJBMplYTh3E05kmR Game ID: Quartz_1472111079 Your Inventory: Amulets G - an uncursed amulet of reflection (being worn) Weapons t - the rustproof +0 Magicbane (weapon in hand) E - 9 +0 shuriken Armor e - an uncursed +0 cloak of magic resistance (being worn) A - an uncursed +0 elven leather helm (being worn) Y - an uncursed +0 pair of iron shoes (being worn) Comestibles a - 5 uncursed tripe rations j - 4 uncursed lichen corpses u - 2 uncursed food rations w - an uncursed lembas wafer J - an uncursed orange S - an uncursed candy bar U - an uncursed fortune cookie Spellbooks c - an uncursed spellbook of force bolt H - an uncursed spellbook of cure sickness I - an uncursed spellbook of detect monsters K - an uncursed spellbook of force bolt M - an uncursed spellbook of turn undead O - an uncursed spellbook of wizard lock Tools o - an uncursed skeleton key q - an uncursed towel Spells and supernatural/magical abilities: Name Level Category Fail Memory a - force bolt 1 attack 0% 52% m - magic missile 2 attack 0% 68% n - detect monsters 1 divination 0% 68% r - remove curse 3 clerical 75% 52% K - cure sickness 3 healing 75% 100% W - pray for help -- divine ? -- Your skills at the end: Miscellaneous Skills wands [Basic] Weapon Skills dagger [Basic] quarterstaff [Basic] crossbow [Basic] Spellcasting Skills attack spells [Basic] divination spells [Basic] enchantment spells [Basic] Final Attributes: You were devoutly aligned. You were magic-protected. You were telepathic. You had infravision. You were invisible. You had reflection. You are dead. Vanquished creatures: 2 giant mimics a warg a large dog a tiger 2 mountain centaurs an elf mummy 2 incubi 4 wolves a winter wolf cub a lynx a leprechaun a spotted jelly an orc-captain an ice vortex a black light 3 gnome kings a dwarf mummy 2 owlbears 2 Green-elves a dingo a housecat a jaguar a water nymph 3 dust vortices 2 apes 5 soldier ants 18 bugbears 2 wood nymphs 2 Mordor orcs 27 Uruk-hai an orc shaman a rock mole a rock piercer 2 yellow lights 6 gnome lords 2 gnomish wizards a kobold mummy a golden naga hatchling 2 gray oozes an elf zombie 2 ghouls a straw golem 7 giant ants 2 little dogs 3 floating eyes a dwarf a homunculus 6 iguanas 9 hill orcs a rabid rat 2 giant bats a monkey 17 orc zombies 6 dwarf zombies 2 wererats 2 werejackals 7 coyotes a gas spore 3 hobbits 2 acid blobs 2 large kobolds 4 geckos 12 hobgoblins 2 giant rats 6 cave spiders a brown mold 5 yellow molds a green mold 2 red molds 5 gnomes 15 manes a gnome zombie 5 jackals a fox 2 kobolds 6 newts 10 goblins 6 sewer rats 6 grid bugs 8 lichens 286 creatures vanquished. Voluntary challenges: You used a wielded weapon 237 times, starting on turn 40. You did not apply a unicorn horn. You read items or engraved 41 times, starting on turn 811. You never genocided any monsters. You never polymorphed an object. You never changed form. You completed Sokoban on turn 8464, according to the rules. You used no wishes. You never split a pudding. You wrote Elbereth's name 26 times, starting on turn 811. You never violated your personal moral code. Dungeon overview: The Dungeons of Doom: levels 1 to 10 Level 1 a long staircase Level 2 a fountain Level 3 an altar to Anhur Level 4 an altar to Ptah stairs to The Gnomish Mines Level 5 some fountains Level 6 some altars to Thoth and Anhur, a fountain Level 7 Level 8 a fountain, a throne Level 9 many fountains Level 10 stairs to Sokoban The Gnomish Mines: levels 5 to 9 Level 5 stairs to The Dungeons of Doom Level 6 Level 7 Level 8 <- You were here many shops, a temple to Ptah, a magic chest, some fountains Level 9 Sokoban: levels 6 to 9 Level 6 a magic chest Level 7 Level 8 a fountain Level 9 a magic chest stairs to The Dungeons of Doom History has recorded: On T:1 you entered the Dungeons of Doom to retrieve the Amulet of Yendor! On T:19 you reached level 2 of The Dungeons of Doom. On T:389 you reached level 3 of The Dungeons of Doom. On T:647 you reached level 4 of The Dungeons of Doom. On T:687 you advanced to experience level 2. On T:1024 you advanced to experience level 3. On T:1032 you reached level 5 of The Dungeons of Doom. On T:1275 you reached level 1 of The Gnomish Mines. On T:1446 you advanced to experience level 4. On T:1590 you reached level 2 of The Gnomish Mines. On T:1711 you reached level 3 of The Gnomish Mines. On T:2037 you advanced to experience level 5. On T:2127 you reached level 4 of The Gnomish Mines. On T:2217 you reached level 5 of The Gnomish Mines. On T:2416 you entered the Minetown temple On T:2449 you opened a magic chest. On T:2521 you opened a magic chest. On T:2526 you opened a magic chest. On T:2537 you opened a magic chest. On T:2931 you advanced to experience level 6. On T:3309 you reached level 6 of The Dungeons of Doom. On T:3865 you received Magicbane from Thoth. On T:3879 you reached level 7 of The Dungeons of Doom. On T:4334 you reached level 8 of The Dungeons of Doom. On T:4728 you advanced to experience level 7. On T:4851 you advanced to experience level 8. On T:5162 you reached level 9 of The Dungeons of Doom. On T:5408 you reached level 10 of The Dungeons of Doom. On T:5443 you reached level 4 of Sokoban. On T:5484 you opened a magic chest. On T:5486 you opened a magic chest. On T:5806 you reached level 3 of Sokoban. On T:6509 you reached level 2 of Sokoban. On T:7005 you reached level 1 of Sokoban. On T:7113 you opened a magic chest. On T:7114 you opened a magic chest. On T:7119 you opened a magic chest. On T:7170 you advanced to experience level 9. On T:8464 you advanced to experience level 10. On T:8464 you entered the Sokoban zoo. On T:8565 you opened a magic chest. On T:8576 you opened a magic chest. On T:9516 you opened a magic chest. On T:9521 you opened a magic chest. On T:9522 you opened a magic chest. On T:9522 you opened a magic chest. On T:9567 you opened a magic chest. On T:9567 you opened a magic chest. On T:9574 you opened a magic chest. On T:9612 you opened a magic chest. Score breakdown: Gold: 0 ( 0 points) Experience: 10 levels ( 900 points) Exploration: 10 levels ( 270 points) Discoveries: 21 items ( 1050 points) Variety of kills: 80 monsters ( 2000 points) Major goal: finished Sokoban ( 1000 points) Survival: died (score multiplied by 3) Total score: 15660 Latest messages: You put an uncursed +0 iron skull cap into the magic chest. You cannot stash something you are wearing. You put an uncursed +0 pair of combat boots into the magic chest. You begin to memorize the runes. You add the "cure sickness" spell to your repertoire. You feel a wrenching sensation. The jaguar claws you! (2x) The jaguar bites! The jaguar claws you! (2x) The jaguar bites! The jaguar claws you! (2x) The jaguar bites! The jaguar claws you! (2x) The jaguar bites! The jaguar claws you! (2x) The jaguar bites! The jaguar claws you! (2x) The jaguar bites! The jaguar claws you! (2x) The jaguar bites! The jaguar claws you! (2x) The jaguar bites! You die... Final status: Goodbye Quartz the Wizard, killed by a jaguar, while frozen by a spellbook... You died in The Gnomish Mines on dungeon level 8 with 15660 points, and 0 pieces of gold, after 9638 moves. You were level 10 with a maximum of 73 hit points when you died.